 Dungeon Crawl Stone Soup version 0.31.0-4-g52a2dc7128 (webtiles) character file.

Game seed: 8872265405733416101

208 ssalbiz the Magician (level 5, -3/28 HPs)
             Began as a Deep Elf Hedge Wizard on Jan 22, 2024.
             Was an Initiate of Vehumet.
             Incinerated by a bombardier beetle (4 damage)
             ... with a burning spray
             ... on level 4 of the Dungeon.
             The game lasted 00:08:17 (4247 turns).

ssalbiz the Magician (Deep Elf Hedge Wizard)        Turns: 4247, Time: 00:08:18

Health: -3/28      AC:  2    Str:  7    XL:     5   Next: 55%
Magic:  3/15       EV: 12    Int: 21    God:    Vehumet [......]
Gold:   128        SH:  5    Dex: 14    Spells: 4/16 levels left

rFire   . . .        u - +3 dagger (venom)
rCold   . . .        (no shield)
rNeg    . . .        b - +0 robe
rPois   .            c - +0 hat
rElec   .            (no cloak)
rCorr   .            (no gloves)
SInv    .            (no boots)
Will    .....        a - amulet of reflection
Stlth   +            (no ring)
HPRegen 0.24/turn    (no ring)
MPRegen 0.14/turn

%: reflection
@: on fire, glowing
A: no striking features
a: Renounce Religion


You were on level 4 of the Dungeon.
You worshipped Vehumet.
Vehumet was noncommittal.
You visited 2 branches of the dungeon, and saw 5 of its levels.

You collected 202 gold pieces.
You spent 74 gold pieces at shops.

Inventory:

Hand Weapons
 r - the +4 mace "Pamyohon" {freeze, ^Fragile rC++ rCorr SInv}
   (You found it on level 3 of the Dungeon)

   rC++:      It greatly protects you from cold.
   SInv:      It lets you see invisible.
   rCorr:     It protects you from acid and corrosion.
   ^Fragile:  It will be destroyed if unequipped.
 u - a +3 dagger of venom (weapon)
Missiles
 h - a throwing net
Armour
 b - a +0 robe (worn)
 c - a +0 hat (worn)
Jewellery
 a - an amulet of reflection (around neck)
Scrolls
 e - a scroll of silence {unknown}
 g - 3 scrolls of revelation {unknown}
 l - a scroll of noise {unknown}
 n - a scroll of fog {unknown}
 o - 2 scrolls of teleportation {unknown}
 p - a scroll of blinking {unknown}
 q - a scroll of enchant weapon {unknown}
Potions
 d - a potion of magic
 f - a potion of brilliance
 i - 2 potions of invisibility
 j - a potion of lignification
 k - 2 potions of curing
 m - a potion of enlightenment
 s - a potion of resistance {unknown}
 t - a potion of heal wounds {unknown}


   Skills:
 - Level 2.4 Dodging
 - Level 2.4 Stealth
 + Level 6.1 Spellcasting
 + Level 3.5 Conjurations
 - Level 1.1 Summonings
 - Level 1.1 Translocations
 + Level 1.9 Air Magic
 + Level 2.0 Alchemy


You had 4 spell levels left.
You knew the following spells:

 Your Spells              Type           Power      Damage    Failure   Level
a - Magic Dart            Conj           84%        1d7       2%          1
b - Call Imp              Summ           22%        N/A       10%         2
c - Blink                 Tloc           22%        N/A       10%         2
d - Mephitic Cloud        Conj/Alch/Air  17%        N/A       11%         3
e - Iskenderun's Mystic   Conj/Tloc      16%        2d5       36%         4

Your spell library contained the following spells:

 Spells                   Type           Power      Damage    Failure   Level
 Cigotuvi's Dreadful Rot  Necr/Alch/Air  24%        N/A       9%          2
 Slow                     Hex            24%        N/A       10%         1
 Tukima's Dance           Hex            6%         N/A       28%         3
 Dimensional Bullseye     Hex/Tloc       4%         N/A       58%         4
 Martyr's Knell           Necr/Summ      8%         N/A       58%         4
 Dispel Undead            Necr           6%         3d8       67%         4
 Death Channel            Necr           3%         N/A       100%        6


Dungeon Overview and Level Annotations

Branches:
Dungeon (4/15)             Temple (1/1) D:4

Altars:
Ashenzari
Cheibriados
Dithmenos
Fedhas
Gozag
Hepliaklqana
Kikubaaqudgha
Nemelex Xobeh
Okawaru
Qazlal
Ru
Sif Muna
Trog
Uskayaw
Vehumet
Wu Jian
Yredelemnul

Shops:
D:2 (??


Message History

Press: ? - help, Q - select action, (/) - cycle Shift-Dir - straight line, f/p - bombardier beetle
Aim: a bombardier beetle (heavily wounded, ally target, 100% to hit)
The magic dart hits the bombardier beetle.
The bombardier beetle is severely wounded.
The liquid fire burns you!
Your cerulean imp hits the bombardier beetle but does no damage.
Aiming: Magic Dart (safe; 2% risk of failure)
Press: ? - help, Q - select action, (/) - cycle Shift-Dir - straight line, f/p - bombardier beetle
Aim: a bombardier beetle (severely wounded, ally target, 100% to hit)
The magic dart hits the bombardier beetle but does no damage.
The bombardier beetle is severely wounded.
The liquid fire burns you!
You block the bombardier beetle's attack.
Your cerulean imp hits the bombardier beetle but does no damage.
Aiming: Magic Dart (safe; 2% risk of failure)
Press: ? - help, Q - select action, (/) - cycle Shift-Dir - straight line, f/p - bombardier beetle
Aim: a bombardier beetle (severely wounded, ally target, 100% to hit)
The magic dart hits the bombardier beetle but does no damage.
The bombardier beetle is severely wounded.
The liquid fire burns you!
* * * LOW HITPOINT WARNING * * *
Your cerulean imp hits the bombardier beetle with a -3 spear.
The bombardier beetle bites you.
* * * LOW HITPOINT WARNING * * *
Aiming: Magic Dart (safe; 2% risk of failure)
Press: ? - help, Q - select action, (/) - cycle Shift-Dir - straight line, f/p - bombardier beetle
Aim: a bombardier beetle (almost dead, ally target, 100% to hit)
The magic dart hits the bombardier beetle.
The bombardier beetle is almost dead.
The liquid fire burns you!
* * * LOW HITPOINT WARNING * * *
Your cerulean imp hits the bombardier beetle but does no damage.
Aiming: Magic Dart (safe; 2% risk of failure)
Press: ? - help, Q - select action, (/) - cycle Shift-Dir - straight line, f/p - bombardier beetle
Aim: a bombardier beetle (almost dead, ally target, 100% to hit)
The magic dart hits the bombardier beetle.
You kill the bombardier beetle!
Vehumet accepts your kill. The liquid fire burns you!
You die...

#####....#####...#
#..............#'####
#.##.......###......####
#............#.........#
#..#.#.#.#.#.#.....###)#
##..................# .#
#...#.......#.#.....# ..
#.#......†....#.....# ..
#.#.#...@.5.#.......# B.
#.#............###### ..
#.#†#.......#.## ..
#.............#
#..#.#.#.#.#.#.#
#.##...........# #..
#.#####.##### #. #...
...# # #..## #####


You could see a friendly cerulean imp (summoned).

Vanquished Creatures
  2 bombardier beetles
  A hound (D:4)
  2 adders
  3 gnolls (D:3)
  6 dart slugs
  2 ribbon worms
  8 orcs
  6 ball pythons
  3 bats
  5 endoplasms
  3 giant cockroaches
  8 goblins
  9 hobgoblins
  8 kobolds
  2 quokkas
  2 frilled lizards
  5 rats
75 creatures vanquished.

Notes
Turn   | Place    | Note
-------+----------+-------------------------------------------
     0 | D:1      | ssalbiz the Deep Elf Hedge Wizard began the quest for the
                  | Orb.
     0 | D:1      | Reached XP level 1. HP: 10/10 MP: 7/7
   202 | D:1      | Reached XP level 2. HP: 15/15 MP: 2/9
   544 | D:1      | Reached skill level 5 in Spellcasting
   887 | D:1      | Reached XP level 3. HP: 18/19 MP: 6/11
   894 | D:1      | Learned a level 2 spell: Call Imp
   897 | D:1      | Learned a level 2 spell: Blink
  1296 | D:1      | Learned a level 3 spell: Mephitic Cloud
  1639 | D:2      | Found an ornate altar of the Wu Jian Council.
  1788 | D:2      | Found Raeck's Antique Weapon Shop.
  1943 | D:2      | Found Tiamn's Magic Scroll Shoppe.
  1948 | D:2      | Bought a scroll of identify for 24 gold pieces
  1948 | D:2      | Bought a scroll of identify for 24 gold pieces
  1957 | D:2      | Reached XP level 4. HP: 24/24 MP: 9/13
  2431 | D:2      | Found Muurru Ytow's Magic Scroll Boutique.
  2434 | D:2      | Bought a scroll of identify for 26 gold pieces
  2593 | D:3      | Identified the +4 mace "Pamyohon" {freeze, ^Fragile rC++
                  | rCorr SInv}
  2734 | D:3      | Reached skill level 1 in Air Magic
  2734 | D:3      | Reached skill level 1 in Alchemy
  2796 | D:3      | Learned a level 4 spell: Iskenderun's Mystic Blast
  2799 | D:3      | Identified the +3 scale mail of the Skies Above {Dex+4}
  3200 | D:3      | Reached XP level 5. HP: 16/28 MP: 5/15
  3354 | D:3      | Reached skill level 6 in Spellcasting
  3807 | D:4      | Found a blossoming altar of Fedhas.
  4068 | D:4      | Found a staircase to the Ecumenical Temple.
  4130 | Temple   | Entered the Ecumenical Temple
  4150 | Temple   | Became a worshipper of Vehumet
  4246 | D:4      | HP: 1/28 [burnt (5)]
  4247 | D:4      | Incinerated by a bombardier beetle

Illustrated notes

Levels and vault maps discovered:
D:1:      dpeg_arrival_prison, layout_basic
D:2:      layout_basic, serial_shops, shop, shop_statue, nicolae_shop_rolled_up,
          basic_altar
D:3:      cheibrodos_old_hovel, layout_basic, minmay_large_rounded_square,
          corexii_leaking_fountain
D:4:      layout_basic, lemuel_doored_altar, minmay_temple_entry_glass,
          uniq_natasha, uniq_sigmund
Temple:   nicolae_temple_elliptical

Skill      XL: |  1  2  3  4  5 |
---------------+----------------+-----
Conjurations   | 2 3 |  3.5
Spellcasting   | 5 6 |  6.1
Air Magic      | 1 |  1.9
Alchemy        | 1 2 |  2.0
Dodging        | |  2.4
Stealth        | |  2.4
Summonings     | |  1.1
Translocations | |  1.1

Action                     |  1- 3 |  4- 6 || total
---------------------------+-------+-------++-------
  Melee: Dagger            |     2 |     3 ||     5
   Cast: Magic Dart        |   110 |   105 ||   215
         Blink             |     1 |       ||     1
         Call Imp          |       |     1 ||     1
    Use: Scroll            |     2 |     4 ||     6
   Stab: Sleeping          |     2 |     1 ||     3
 Armour: Robe              |    10 |    12 ||    22
  Dodge: Dodged            |    15 |     4 ||    19
  Block: Other             |       |     1 ||     1
